AoeStats
← z PonCe z

Pilgrims

509297228Analyzed
3v3 RM · 7d ago on Sep 26, 2026· 42m 37s· 6 players
Game mode
Random Map
Map size
Normal (6 player)
Population
200
Speed
Normal
Resources
Standard
Victory
Conquest
Starting age
Dark Age
Ending age
Imperial Age
RankedLock teamsTeams togetherTeam positionsShared explorationLock speedFull tech treeHidden civsTurbo modeCheats
Victory
Defeat
🇲🇽 Spanish · Mexico
1114
+12
1109
+13
🇲🇽 Ethiopians · Mexico
1022
+16
🇫🇷 Japanese · France
1065
-15
🇻🇳 Koreans · Vietnam
1020
-13
🇨🇳 Berbers · China
1015
-13
Chanos
AOEHD
longeery
7:19 Loom
9:35 Feudal Age
16:15 Castle Age
16:42 Stone Mining
20:06 Fletching
22:54 Bodkin Arrow
z PonCe z
4:45 Loom
14:21 Feudal Age
15:21 Stone Mining
19:42 Castle Age
21:33 Double-Bit Axe
29:09 Imperial Age
35:25 Medium Warships
Jorge el glorioso maton
7:07 Loom
12:31 Feudal Age
16:58 Castle Age
18:15 Medium Warships
18:31 Padded Archer Armor
18:21 Fletching
19:52 Thumb Ring
19:08 Crossbowman
19:43 Double-Bit Axe
21:56 Leather Archer Armor
21:37 Bodkin Arrow
26:04 Wheelbarrow
32:03 Imperial Age
29:51 Hand Cart
31:44 Ballistics
31:22 Gold Mining
31:16 Horse Collar
31:48 Bow Saw
33:19 Heavy Warships
34:31 Ring Archer Armor
34:02 Bracer
35:07 Chemistry
35:14 Two-Man Saw
35:01 Arbalester
35:44 Elite Cannon Galleon
37:02 Heavy Plow
38:32 Stone Mining
40:21 Stone Shaft Mining
42:37 Scale Barding Armor
42:33 Scale Mail Armor
42:44 Forging
41:56 Elite Genoese Crossbowman
iSlayerXtrem
6:46 Loom
14:28 Feudal Age
17:19 Wheelbarrow
16:30 Town Watch
18:57 Castle Age
17:40 Wheelbarrow
16:54 Town Watch
19:03 Gold Mining
19:04 Stone Mining
19:01 Double-Bit Axe
19:00 Horse Collar
23:47 Imperial Age
23:16 Padded Archer Armor
23:07 Fletching
32:39 Bodkin Arrow
33:00 Leather Archer Armor
33:53 Hand Cart
34:31 Town Watch
35:51 Ring Archer Armor
35:44 Husbandry
35:06 Cavalier
37:44 Town Patrol
37:54 Bracer
37:58 Scale Mail Armor
40:19 Heavy Plow
40:21 Elite Conquistador
42:07 Supremacy
42:11 Forging
42:06 Scale Barding Armor
42:17 Chain Mail Armor
Connection lost

Rejoining the realm…

Still unreachable

The connection could not be restored.

Session expired

The server has moved on; the page needs a fresh start.